 Dungeon Crawl Stone Soup version bcrawl-1.28 (webtiles) character file.

Game seed: 4946587483114376395

83507 LostNumber the Sneak (level 1, -1/12 HPs)
             Began as a Vine Stalker Archaeologist on Nov 21, 2020.
             Slain by a hobgoblin
             ... wielding a +0 club
              (8 damage)
             ... on level 1 of the Dungeon.
             The game lasted 00:00:30 (63 turns).

LostNumber the Sneak (Vine Stalker Archaeologist)     Turns: 63, Time: 00:00:31

Health: -1/12      AC:  6    Str: 13    XL:     1   Next: 70%
Magic:  2/2        EV: 13    Int: 14    God:
Gold:   0          SH:  0    Dex: 12    Spells: 0/0 levels left

rFire    . . .     SeeInvis .   a - +0 whip
rCold    . . .     Gourm    .   (no shield)
rNeg     . . .     Faith    .   b - +1 robe
rPois    .         Spirit   .   c - +1 hat
rElec    .         Reflect  .   (no cloak)
rCorr    .         Harm     .   (no gloves)
MR       .....                  d - +1 pair of boots
Stlth    +++.......             (no amulet)
HPRegen  0.44/turn              (no ring)
MPRegen  0.08/turn              (no ring)

@: no status effects
A: fangs 2, regeneration 1, no potion heal 3, rot immunity, strong jaws
a: no special abilities


You were on level 1 of the Dungeon.
You were not hungry.

You visited 1 branch of the dungeon, and saw 1 of its levels.

Inventory:

Hand Weapons
 a - a +0 whip (weapon)
Armour
 b - a +1 robe (worn)
 c - a +1 hat (worn)
 d - a +1 pair of boots (worn)
Scrolls
 g - 2 scrolls of magic mapping
Miscellaneous
 f - a dusty tome
Comestibles
 e - 2 rations {!d!d}
 h - 4 chunks of flesh


   Skills:
 * Level 1.3 Fighting
 - Level 0.8 Maces & Flails
 - Level 3.2 Dodging
 + Level 4.5 Stealth


You couldn't memorise any spells.
You didn't know any spells.
Your spell library was empty.

Dungeon Overview and Level Annotations

Branches:
Dungeon (1/12)

Altars:


Innate Abilities, Weirdness & Mutations

You have extremely sharp teeth.
Your natural rate of healing is unusually fast.
Potions cannot restore your health.
You are immune to rotting.
Your bites deal extra damage.


Message History

No target in view!
No target in view!
No target in view!
No target in view!
No target in view!
No target in view!
No target in view!
No target in view!
No target in view!
No target in view!
A hobgoblin comes into view. It is wielding a +0 club.
Found a stone staircase leading down.
Things that are here:
a +0 club; a kobold corpse A hobgoblin is nearby!
A hobgoblin is nearby!
A hobgoblin is nearby!
The helpless hobgoblin fails to defend itself.
You hit the hobgoblin.
The hobgoblin hits you with a cursed +0 club.
You hit the hobgoblin but do no damage.
The hobgoblin hits you but does no damage.
You hit the hobgoblin. The hobgoblin barely misses you.
You hit the hobgoblin.
You kill the hobgoblin!
No target in view!
No target in view!
No target in view!
No target in view!
No target in view!
No target in view!
No target in view!
e - 2 rations {!d!d} (gained 1)
Things that are here:
a +0 club; a kobold corpse A hobgoblin comes into view.
It is wielding a +0 club.
The hobgoblin shouts!
A hobgoblin is nearby!
A hobgoblin is nearby!
Unknown command.
Found a stone staircase leading down.
A leopard gecko comes into view.
The hobgoblin hits you with a +0 club.
The leopard gecko moves out of view.
You barely miss the hobgoblin.
The hobgoblin hits you but does no damage.
You closely miss the hobgoblin. The hobgoblin hits you with a +0 club.
You barely miss the hobgoblin. Your bite misses the hobgoblin.
The hobgoblin hits you with a +0 club!
Ouch! That really hurt!
You die...

# ####. #.#
..#.## #.# .
.....#### #.#
.. . .....#
#.# .>.##.
#>..# #.#
....###).#
#.#
#.g#...####.#
#..@......#.#
#.....###)#.#
#...........#
##.....##.###
#..##.##.#
#.###.##.#
#.# #.##.#
#.# #.##.#
#.# #.##.#


You could see a hobgoblin.

Vanquished Creatures
  A ball python (D:1)
  A hobgoblin (D:1)
  A kobold (D:1)
  A rat (D:1)
4 creatures vanquished.

Notes
Turn   | Place    | Note
-------+----------+-------------------------------------------
     0 | D:1      | LostNumber the Vine Stalker Archaeologist began the quest
                  | for the Orb.
     0 | D:1      | Reached XP level 1. HP: 11/11 MP: 2/2
    11 | D:1      | Reached skill level 1 in Fighting
    63 | D:1      | Slain by a hobgoblin

Skill      XL: |  1 |
---------------+----+-----
Fighting       | 1 |  1.3
Maces & Flails | |  0.8
Dodging        | |  3.2
Stealth        | |  4.5

Action                   || total
-------------------------++-------
Melee: Whip              ||    16
 Stab: Sleeping          ||     2
Armor: Robe              ||     6
Dodge: Dodged            ||     7
